 Dungeon Crawl Stone Soup version 0.18-a0-1572-g0a86841 (webtiles) character file.

1283 poirepourri the Shield-Bearer (level 8, -6/48 HPs)
             Began as a Gargoyle Fighter on Mar 15, 2016.
             Mangled by an orc warrior
             ... wielding a +0 glaive
              (18 damage)
             ... on level 6 of the Dungeon.
             The game lasted 00:09:19 (5725 turns).

poirepourri the Shield-Bearer (Gargoyle Fighter)    Turns: 5725, Time: 00:09:19

Health: -6/48      AC: 15    Str: 25    XL:     8   Next: 55%
Magic:  8/8        EV:  9    Int:  9    God:
Gold:   326        SH: 13    Dex:  9    Spells: 0 memorised, 7 levels left

rFire  . . .     SeeInvis .     v - +1 flail "Xiuqieh" {crush, Str+3}
rCold  . . .     Gourm    .     b - +0 scale mail
rNeg   + . .     Faith    .     c - +0 shield
rPois  ∞         Spirit   .     g - +1 helmet
rElec  +         Dismiss  .     (no cloak)
rCorr  .         Reflect  +     (no gloves)
SustAt .         Harm     .     (no boots)
MR     .....                    x - +3 amulet of reflection
Stlth  ..........               (no ring)
                                (no ring)

@: not resistant to hostile enchantments, extremely unstealthy
A: negative energy resistance 1, electricity resistance, unbreathing,
petrification resistance, rot immunity, AC +5
a: no special abilities


You were on level 6 of the Dungeon.
You were not hungry.

You visited 1 branch of the dungeon, and saw 6 of its levels.

You collected 326 gold pieces.

Inventory:

Hand Weapons
 a - a +1 flail of crushing
 v - the +1 flail "Xiuqieh" (weapon) {crush, Str+3}
   (You found it on level 5 of the Dungeon)

   It inflicts extra damage upon your enemies.
   It affects your strength (+3).
Missiles
 j - 84 arrows
 o - 6 needles of sleeping
Armour
 b - a +0 scale mail (worn)
 c - a +0 shield (worn)
 d - a +2 helmet
 g - a +1 helmet (worn)
Jewellery
 x - a +3 amulet of reflection (around neck)
Wands
 s - a wand of flame (48/48)
Scrolls
 f - a scroll of remove curse
 k - a scroll of fog
 l - 5 scrolls of teleportation
 n - 2 scrolls of magic mapping
Potions
 h - a potion of mutation
 p - a potion of cure mutation
 q - a potion of lignification
 r - a potion of haste
 w - a potion of ambrosia {unknown}
Comestibles
 i - 2 bread rations
 m - a meat ration


   Skills:
 + Level 4.7 Fighting
 + Level 4.0 Maces & Flails
 + Level 2.6 Throwing
 + Level 6.0 Armour
 + Level 3.5 Dodging
 + Level 0.5 Stealth
 + Level 6.4 Shields


You had 7 spell levels left.
You didn't know any spells.

Dungeon Overview and Level Annotations

Branches:
Dungeon (6/15)
 Temple: D:4-7

Altars:
Qazlal
Sif Muna
Trog


Innate Abilities, Weirdness & Mutations

You are resistant to torment.
Your stone body is resilient (AC +5).
You are immune to poison.
You resist negative energy.
You are resistant to electric shocks.
You can survive without breathing.
You are immune to petrification.
You are immune to rotting.


Message History

The orc warrior is almost dead.
The orc warrior misses you. The shadow imp closely misses you.
You barely miss the orc warrior.
The orc warrior is almost dead.
The orc warrior hits you with a glaive!
* * * LOW HITPOINT WARNING * * *
You block the shadow imp's attack.
You hit the orc warrior.
The orc warrior is almost dead.
You block the shadow imp's attack. You block the orc warrior's attack.
You hit the orc warrior but do no damage.
The orc warrior is almost dead.
The shadow imp hits you but does no damage.
You block the orc warrior's attack. The shadow imp gestures at you.
You struggle to resist.
You barely miss the orc warrior.
The orc warrior is almost dead.
The orc warrior hits you with a glaive!!
You die...

+#####...#.#.#.#.#.#..#
......................#
#...............#.#.#.#.#.#.#.#
#............................#
#..>.............#.#.#.#.#.#.#
#...........................#
#..............)..#.#(#.#.#.#####
#.................(([............
#...............@o(#.#.#.#.......
#...)..........5.................
#.............(#######.##........
#..............# #......?....
#..............# ####........
...............# ....(.o.
....####.....### ........ ....#
#.......#### ....# #..........#


You could see an orc warrior and a shadow imp.

Vanquished Creatures
  The ghost of Sisyphus the Changer, a novice DrTm (D:4)
  5 ogres
  A giant frog (D:5)
  A wyvern skeleton (D:6)
  A howler monkey (D:5)
  2 iguanas
  Natasha (thrice) (D:4)
  2 orc wizards
  5 worker ants (D:4)
  4 adders
  An ooze (D:2)
  4 dart slugs
  2 giant geckos (D:5)
  8 orcs
  2 giant cockroaches
  5 goblins
  6 hobgoblins
  6 jackals
  6 kobolds
  2 quokkas
  A ball python (D:2)
  7 bats
  4 giant newts
  13 rats
92 creatures vanquished.

Notes
Turn   | Place    | Note
--------------------------------------------------------------
     0 | D:1      | poirepourri the Gargoyle Fighter began the quest for the Orb.
     0 | D:1      | Reached XP level 1. HP: 14/14 MP: 1/1
   321 | D:1      | Reached XP level 2. HP: 19/19 MP: 2/2
   989 | D:1      | Reached XP level 3. HP: 23/23 MP: 3/3
  2160 | D:3      | Reached XP level 4. HP: 20/29 MP: 4/4
  2688 | D:4      | Noticed an ogre
  2698 | D:4      | Killed an ogre
  2698 | D:4      | Reached skill level 1 in Throwing
  2698 | D:4      | Reached XP level 5. HP: 19/33 MP: 5/5
  2711 | D:4      | Reached skill level 1 in Dodging
  3456 | D:4      | Reached skill level 5 in Shields
  3456 | D:4      | Reached XP level 6. HP: 38/38 MP: 6/6
  3461 | D:4      | Noticed Natasha
  3507 | D:4      | Killed Natasha
  3744 | D:4      | Noticed Natasha
  3750 | D:4      | Killed Natasha
  3793 | D:4      | Noticed Sisyphus's ghost (novice DrTm)
  3833 | D:4      | Killed Sisyphus's ghost
  3833 | D:4      | Reached skill level 5 in Armour
  3833 | D:4      | Reached XP level 7. HP: 11/44 MP: 7/7
  4268 | D:4      | Noticed Natasha
  4275 | D:4      | Killed Natasha
  4465 | D:5      | Entered Level 5 of the Dungeon
  4764 | D:5      | Reached XP level 8. HP: 24/48 MP: 8/8
  5213 | D:5      | Noticed a moth of wrath
  5232 | D:5      | Found a bloodstained altar of Trog.
  5258 | D:5      | Got an ichor-stained flail
  5263 | D:5      | Identified the +1 flail "Xiuqieh" {crush, Str+3} (You found it on level 5 of the Dungeon)
  5396 | D:5      | Found a deep blue altar of Sif Muna.
  5398 | D:5      | Found a stormy altar of Qazlal.
  5400 | D:5      | Found a bloodstained altar of Trog.
  5725 | D:6      | Mangled by an orc warrior

Vault maps used:
D:1:      lightli_arrival_farm
D:2:      minmay_misc_feat_tower
D:4:      first_bread, uniq_natasha
D:5:      minitemple, tgw_trog
D:6:      lemuel_coloured_pillars_altar, portal_sewer_entry_e, hex_medium,
          uniq_edmund

Skill      XL: |  1  2  3  4  5  6  7  8 |
---------------+-------------------------+-----
Shields        | 4 5 6 |  6.4
Throwing       | 1 2 |  2.6
Armour         | 4 5 6 |  6.0
Dodging        | 1 2 3 |  3.5
Fighting       | 4 |  4.7
Maces & Flails | 3 4 |  4.0
Stealth        | |  0.5

Action                   |  1- 3 |  4- 6 |  7- 9 || total
-------------------------+-------+-------+-------++-------
Melee: Flail             |   119 |   163 |   153 ||   435
Throw: Javelin           |    24 |    14 |    21 ||    59
  Use: Scroll            |     1 |    10 |     7 ||    18
       Potion            |       |     3 |     4 ||     7
  Eat: Bread ration      |     1 |     2 |       ||     3
       Beef jerky        |       |       |     2 ||     2
